 Dungeon Crawl Stone Soup version 0.31.0-12-g77e489cdc1 (webtiles) character file.

Game seed: 6143961357292291717

908 Gadfly the Insei (level 7, -2/52 HPs)
             Began as a Demonspawn Monk on Feb 13, 2024.
             Splashed by a jelly's acid (10 damage)
             ... on level 5 of the Dungeon.
             The game lasted 00:05:33 (4645 turns).

Gadfly the Insei (Demonspawn Monk)                  Turns: 4645, Time: 00:05:34

Health: -2/52      AC: -11   Str: 14    XL:     7   Next: 81%
Magic:  7/7        EV: 13    Int: 10    God:
Gold:   320        SH:  0    Dex: 15    Spells: 6/6 levels left

rFire   + . .        b - +3 dagger (chaos)
rCold   . . .        c - orb {light}
rNeg    . . .        a - +1 robe
rPois   .            (no helmet)
rElec   .            (no cloak)
rCorr   .            (no gloves)
SInv    .            (no boots)
Will    .....        (no amulet)
Stlth   +            g - ring of protection from fire
HPRegen 0.28/turn    (no ring)
MPRegen 0.10/turn

%: no passive effects
@: corroded, glowing
A: hooves 2, molten scales 1, powered by death 2
a: no special abilities


You were on level 5 of the Dungeon.
You visited 1 branch of the dungeon, and saw 5 of its levels.
You also visited: Ossuary.

You collected 320 gold pieces.

Inventory:

Hand Weapons
 b - a +3 dagger of chaos (weapon)
 h - a +3 dagger
 m - a +0 long sword of draining
Armour
 a - a +1 robe (worn)
 c - an orb of light (worn)
Jewellery
 g - a ring of protection from fire (left hand)
Wands
 f - a wand of mindburst (18)
 i - a wand of flame (16)
Scrolls
 o - 2 scrolls of teleportation
 q - 2 scrolls of identify
Potions
 d - 3 potions of haste
 j - a potion of resistance
 k - a potion of curing
 n - a potion of enlightenment
 p - a potion of might
 r - a potion of mutation


   Skills:
 - Level 3.0 Fighting
 + Level 4.1 Dodging
 * Level 5.1 Unarmed Combat
 * Level 4.5 Evocations
 * Level 3.7 Shapeshifting


You had 6 spell levels left.
You didn't know any spells.
Your spell library was empty.

Dungeon Overview and Level Annotations

Branches:
Dungeon (5/15)            Ossuary (visited)
 Temple: D:4-7

Altars:
Dithmenos
Fedhas
Makhleb
Uskayaw
Xom

Shops:
D:4 (


Innate Abilities, Weirdness & Mutations

You have hoof-like feet.
You are partially covered in molten scales. (AC +2)
You regenerate health from kills.


Message History

An iguana comes into view.
The orc priest calls down the wrath of Beogh upon you.
Beogh smites you!
* * * LOW HITPOINT WARNING * * *
The jelly hits you but does no damage.
You barely miss the jelly. You kick the jelly, but do no damage.
The jelly hits you but does no damage.
Unknown command.
You bump into the rock wall.
The jelly hits you. The acid corrodes you!
You are splashed with acid.
* * * LOW HITPOINT WARNING * * *
Unknown command.
You hit the jelly but do no damage.
The jelly looks weaker.
The acid corrodes you!
Your hands burn!
* * * LOW HITPOINT WARNING * * *
The jelly barely misses you.
Unknown command.
You hit the jelly.
Nothing appears to happen.
Your hands burn!
* * * LOW HITPOINT WARNING * * *
You kick the jelly.
The jelly is moderately wounded.
The jelly completely misses you.
Unknown command.
You bump into the rock wall.
The jelly misses you.
You hit the jelly but do no damage. The acid corrodes you!
Your hands burn!
The jelly is moderately wounded.
You feel less invigorated.
You feel less confused.
The orc wizard gestures wildly while chanting.
The orc wizard flickers and vanishes for a moment.
The jelly hits you. The acid corrodes you!
You are splashed with acid!
* * * LOW HITPOINT WARNING * * *
You hit the jelly but do no damage.
Your hands burn!
* * * LOW HITPOINT WARNING * * *
You kick the jelly, but do no damage.
The jelly is moderately wounded.
The jelly hits you.
* * * LOW HITPOINT WARNING * * *
You are splashed with acid!
You die...

..#....## .#
#.#>....###..#
#...#.†...!..#
#..###....)...
###.#...####.#
#.Soo.#.# #
#.#o###.# #J#
#.# #@# #.#
#.###.###
#.......#
######..# #
#..# # ### .#
#####..#
#.#....#
#......#
.#.#.#
#.###.## ###
.... #.# #.#


You could see a jelly (weak, vitrified), an orc priest, 2 orc wizards and an
adder.

Vanquished Creatures
  A black bear (D:5)
  An orc warrior (D:5)
  An ogre (D:4)
  A kobold brigand (D:4)
  2 scorpions (Ossuary)
  A bombardier beetle (D:4)
  A crimson imp (D:3)
  2 hounds (D:4)
  4 scorpion zombies (Ossuary)
  4 mummies
  7 adders
  A shadow imp (D:5)
  4 adder zombies (Ossuary)
  4 ribbon worms
  A dart slug (D:5)
  An orc (D:3)
  2 ball pythons
  2 bats
  7 endoplasms
  6 giant cockroaches
  2 gnoll zombies (Ossuary)
  13 goblins
  10 hobgoblins
  2 jackals (D:2)
  6 kobolds
  2 quokkas
  A hobgoblin zombie (D:4)
  2 jackal zombies (Ossuary)
  6 kobold zombies
  6 rats
103 creatures vanquished.

Notes
Turn   | Place    | Note
-------+----------+-------------------------------------------
     0 | D:1      | Gadfly the Demonspawn Monk began the quest for the Orb.
     0 | D:1      | Reached XP level 1. HP: 18/18 MP: 1/1
   205 | D:1      | Gained mutation: You regenerate a little health from kills.
                  | [demonic ancestry]
   205 | D:1      | Reached XP level 2. HP: 21/24 MP: 2/2
   478 | D:1      | Reached skill level 1 in Evocations
  1091 | D:2      | Reached skill level 3 in Unarmed Combat
  1229 | D:2      | Reached skill level 1 in Shapeshifting
  1229 | D:2      | Reached XP level 3. HP: 29/29 MP: 3/3
  1499 | D:2      | Gained mutation: You have large cloven feet. [demonic
                  | ancestry]
  1499 | D:2      | Reached XP level 4. HP: 19/35 MP: 4/4
  2229 | D:3      | Found a blossoming altar of Fedhas.
  2257 | D:3      | Found a burning altar of Makhleb.
  2257 | D:3      | Found a shimmering altar of Xom.
  2258 | D:3      | Paralysed by a crimson imp for 1 turns
  2387 | D:3      | Gained mutation: You have hoof-like feet. [demonic
                  | ancestry]
  2387 | D:3      | Reached XP level 5. HP: 32/41 MP: 5/5
  3174 | D:4      | Found Waffonlu's Weapon Boutique.
  3203 | D:4      | Reached skill level 4 in Unarmed Combat
  3203 | D:4      | Gained mutation: You regenerate health from kills. [demonic
                  | ancestry]
  3203 | D:4      | Reached XP level 6. HP: 45/47 MP: 6/6
  3215 | D:4      | Found a sand-covered staircase.
  3225 | Ossuary  | Entered an ossuary
  3488 | Ossuary  | Gained mutation: You are partially covered in molten
                  | scales. (AC +2) [demonic ancestry]
  3488 | Ossuary  | Reached XP level 7. HP: 40/52 MP: 7/7
  3749 | D:4      | Found a shadowy altar of Dithmenos.
  4268 | D:4      | Found a hide-covered altar of Uskayaw.
  4429 | D:5      | Entered Level 5 of the Dungeon
  4635 | D:5      | Reached skill level 5 in Unarmed Combat
  4645 | D:5      | Splashed by a jelly's acid

Illustrated notes

Levels and vault maps discovered:
D:1:      eino_arrival_tree_alley, layout_loops_ring, chequers_big_river,
          minmay_pentomino_v2
D:2:      kennysheep_six_static_rooms, layout_basic, grunt_decor_arrowhead,
          minmay_misc_feat_roman
D:3:      layout_basic, grunt_temple_overflow_champion_of_chaos,
          mainiacjoe_overflow_two_lobes, minmay_liquid_box
D:4:      layout_loops_ring, mainiacjoe_overflow_swirl, serial_shops,
          nicolae_take_the_stairs, nicolae_ossuary_entry_giza, chequers_avenue
D:5:      layout_loops_ring, kennysheep_mini_moat, dk_yredelemnul_ordeal,
          corexii_checkpoint

Skill      XL: |  1  2  3  4  5  6  7 |
---------------+----------------------+-----
Evocations     | 1 2 3 4 |  4.5
Unarmed Combat | 3 4 5 |  5.1
Shapeshifting  | 1 2 3 |  3.7
Dodging        | 3 4 |  4.1
Fighting       | |  3.0

Action                     |  1- 3 |  4- 6 |  7- 9 || total
---------------------------+-------+-------+-------++-------
  Melee: Unarmed           |     8 |     4 |       ||    12
         Long sword        |    62 |    37 |       ||    99
         Kick              |       |    64 |    37 ||   101
         Dagger            |       |   122 |    71 ||   193
    Use: Scroll            |     4 |     6 |     7 ||    17
         Potion            |       |       |     2 ||     2
   Stab: Confused          |       |     1 |       ||     1
         Petrifying        |       |     1 |       ||     1
         Paralysed         |       |       |     1 ||     1
 Armour: Robe              |    32 |    82 |    42 ||   156
  Dodge: Dodged            |    41 |    89 |    37 ||   167
